 Dungeon Crawl Stone Soup version 0.29-a0-643-ga013cefcf8 (webtiles) character file.

Game seed: 10292601888419225411

48 zeratav the Sneak (level 4, 0/26 HPs)
             Began as a Kobold Gladiator on June 20, 2022.
             Killed from afar by an orc wizard (6 damage)
             ... with a magic dart
             ... on level 3 of the Dungeon.
             The game lasted 00:01:32 (1602 turns).

zeratav the Sneak (Kobold Gladiator)                Turns: 1602, Time: 00:01:33

Health: 0/26       AC:  4    Str: 11    XL:     4   Next: 0%
Magic:  4/4        EV: 15    Int:  9    God:
Gold:   102        SH:  0    Dex: 18    Spells: 3/3 levels left

rFire   . . .      SeeInvis .   k - +2 dagger (elec) {short}
rCold   . . .      Faith    .   (no shield)
rNeg    . . .      Spirit   .   b - +0 leather armour
rPois   .          Reflect  .   c - +0 helmet
rElec   .          Harm     .   (no cloak)
rCorr   .          Rampage  .   (no gloves)
Will    .....                   (no boots)
Stlth   ++++......              (no amulet)
HPRegen 0.08/turn               (no ring)
MPRegen 0.09/turn               (no ring)

@: no status effects
A: small, no large weapons, nightstalker 3
a: no special abilities


You were on level 3 of the Dungeon.
You visited 1 branch of the dungeon, and saw 3 of its levels.

You collected 102 gold pieces.


Innate Abilities, Weirdness & Mutations

You are small and have problems with some larger weapons.
You are completely attuned to the shadows.


   Skills:
 - Level 2.1 Fighting
 - Level 4.0 Short Blades
 - Level 2.1 Throwing
 - Level 3.6 Dodging
 + Level 4.8 Stealth


You had 3 spell levels left.
You didn't know any spells.
Your spell library was empty.

Inventory:

Hand Weapons
 a - a +0 rapier {short}
 k - a +2 dagger of electrocution (weapon) {short}
   (You took it off a kobold on level 1 of the Dungeon)
Missiles
 d - 3 throwing nets (quivered) {=fthrowing}
 e - 2 boomerangs {throwing}
Armour
 b - a +0 leather armour (worn)
 c - a +0 helmet (worn)
Scrolls
 f - 4 scrolls of identify {unknown}
 g - 2 scrolls of poison {unknown}
 j - a scroll of fog {unknown}
 l - a scroll of torment {unknown}
 m - a scroll of magic mapping {unknown}
 o - a scroll of blinking {unknown}
 q - 2 scrolls of noise {unknown}
 r - a scroll of vulnerability {unknown}
Potions
 h - a potion of cancellation {unknown}
 i - a potion of heal wounds {unknown}
 n - a potion of degeneration {unknown}
 p - 2 potions of invisibility {unknown}

Dungeon Overview and Level Annotations

Branches:
Dungeon (3/15) Zot: 16405

Altars:
Elyvilon

Shops:
D:1

* ..^....#
.......##
..........
......oo.##
.....{@o..#
..........#
.........##
##..##..#
##...!..##
#####...#####
...)....#
.#####..#
#...###


You could see 3 orcs.


Message History

No target in view!
No target in view!
No target in view!
No target in view!
No target in view!
No target in view!
q - 2 scrolls labelled NEWKAI FALA You now have 102 gold pieces (gained 15).
Things that are here:
a +0 dagger {short}; a stone {throwing}
g - 2 scrolls labelled DEPERI NEWOU (gained 1)
Things that are here:
a +0 dagger {short}; a stone {throwing} You see here a +0 club {mace}.
Found an escape hatch in the floor.
You see here a +0 club {mace}.
There is a white marble altar of Elyvilon here.
Found a stone staircase leading down.
r - a scroll labelled CIEG COQ TECK
There is an open door here.
There is an open door here.
Done exploring.
Done exploring.
Done exploring.
Done exploring.
(D) Dungeon
Where to? (Enter - D:2, ? - help)
There is an open door here.
There is a stone staircase leading down here.
You climb downwards.
Found a stone staircase leading down.
There is a stone staircase leading up here.
An adder is nearby!
The helpless adder fails to defend itself.
You impale the adder!!
You kill the adder!
A goblin comes into view. It is wielding a +0 dagger.
Found an escape hatch in the floor.
The goblin shouts!
A goblin is nearby!
You hit the goblin.
You kill the goblin!
No target in view!
Things that are here:
a +0 dagger {short}; a goblin corpse A goblin comes into view.
It is wielding a +0 club.
The goblin shouts!
You closely miss the goblin. The goblin closely misses you.
You closely miss the goblin. The goblin misses you.
You hit the goblin but do no damage. Lightning courses through the goblin!
You kill the goblin!
No target in view!
A bat comes into view.
A bat is nearby!
Found an escape hatch in the floor.
An orc and an orc wizard come into view.
The helpless bat fails to defend itself.
You stick the bat like a pincushion!!!
You kill the bat!
The orc wizard shouts!
You hear a shout!
You have reached level 4!
HP[+5] MP[+1]
You now have 26 max hp (+5).
Your hp is fully restored (26).
Your mp is fully restored (4).
An orc comes into view. It is wielding a +0 flail.
You hit the orc wizard.
The orc wizard hits you with a +0 dagger.
An orc comes into view.
It is wielding a +0 dagger and carrying a wand of mindburst (14).
The orc closely misses you.
HP[-2]
You take 2 damage, and now have 24/26 hp.
You hit the orc wizard. The orc misses you.
You hit the orc wizard. The orc wizard barely misses you. The orc misses you.
The orc completely misses you.
You closely miss the orc wizard.
The orc wizard hits you with a +0 dagger.
The orc hits you but does no damage. The orc misses you.
HP[-2]
You take 2 damage, and now have 22/26 hp.
You closely miss the orc wizard. You hit the orc wizard.
The orc wizard mumbles some strange words.
The orc wizard flickers and vanishes!
Deactivating autopickup; reactivate with Ctrl-A.
The orc closely misses you.
The orc zaps a wand.
Your mind is blasted!
The orc hits you with a +0 short sword.
* * * LOW HITPOINT WARNING * * *
HP[-9]
You take 9 damage, and now have 13/26 hp.
MASSIVE DAMAGE!! (PAUSE)
You hit something.
The orc zaps a wand.
Your mind is blasted!
* * * LOW HITPOINT WARNING * * *
The orc hits you but does no damage. The orc barely misses you.
You hear some strange, mumbled words.
A magic dart appears from out of thin air!
The magic dart hits you.
You die...

Skill      XL: |  1  2  3 |
---------------+----------+-----
Stealth        | 2 3 4 |  4.8
Fighting       | |  2.1
Short Blades   | |  4.0
Throwing       | |  2.1
Dodging        | |  3.6

Action                   |  1- 3 |  4- 6 || total
-------------------------+-------+-------++-------
Melee: Rapier            |    25 |       ||    25
       Dagger            |    30 |     7 ||    37
 Stab: Sleeping          |    11 |       ||    11
       Distracted        |     1 |       ||     1
Armor: Leather armour    |    10 |     2 ||    12
Dodge: Dodged            |    22 |     8 ||    30

Levels and vault maps discovered:
D:1:      ebering_trefoil_twist, layout_basic, serial_shops, shop,
          chequers_ecumenical_altar_simple_redux
D:2:      layout_basic, basic_altar, uniq_natasha
D:3:      layout_rooms, nicolae_hepliaklqana_hippocampus,
          chequers_serial_rivers_small_3, grunt_ministairs_7,
          kennysheep_big_empty_room

Notes
Turn   | Place    | Note
-------+----------+-------------------------------------------
     0 | D:1      | zeratav the Kobold Gladiator began the quest for the Orb.
     0 | D:1      | Reached XP level 1. HP: 12/12 MP: 1/1
     0 | D:1      | magus.rc [v1.9.6]
   111 | D:1      | Reached skill level 1 in Stealth
   320 | D:1      | Reached skill level 2 in Stealth
   320 | D:1      | Reached XP level 2. HP: 17/17 MP: 2/2
   454 | D:1      | Reached skill level 3 in Stealth
   462 | D:1      | Found Haustres's General Store.
   601 | D:1      | Reached XP level 3. HP: 21/21 MP: 3/3
   636 | D:1      | Found a faded altar of an unknown god.
   911 | D:2      | Reached skill level 4 in Stealth
  1113 | D:2      | Found a white marble altar of Elyvilon.
  1595 | D:3      | Reached XP level 4. HP: 26/26 MP: 4/4
  1602 | D:3      | HP: 6/26 [disintegration (7)]
  1602 | D:3      | Killed from afar by an orc wizard

Vanquished Creatures
  An adder (D:3)
  2 dart slugs (D:1)
  6 ball pythons
  A bat (D:3)
  2 endoplasms (D:1)
  A giant cockroach (D:1)
  2 goblins (D:3)
  A hobgoblin (D:2)
  3 jackals (D:2)
  5 kobolds
  2 quokkas (D:1)
  2 frilled lizards (D:1)
  3 rats (D:1)
31 creatures vanquished.

Table legend:
 A = Non-vault XP
 B = Vault XP
 C = Vault XP percentage of total XP
 D = Non-vault monster count
 E = Vault monster count
 F = Vault count percentage of total count
                 A         B        C        D         E       F
            +---------+---------+-------+---------+---------+-------
      Total |      54 |      15 |  21.7 |      29 |       2 |   6.5
            +---------+---------+-------+---------+---------+-------
        D:1 |      36 |       0 |   0.0 |      19 |       0 |   0.0
        D:2 |      14 |       0 |   0.0 |       8 |       0 |   0.0
        D:3 |       4 |      15 |  78.9 |       2 |       2 |  50.0
            +---------+---------+-------+---------+---------+-------

Illustrated notes

Table legend:
 A = Kills in this place as a percentage of kills in entire the game.
 B = Kills by you in this place as a percentage of kills by you in the entire game.
 C = Kills by friends in this place as a percentage of kills by friends in the entire game.
 D = Other kills in this place as a percentage of other kills in the entire game.
 E = Experience gained in this place as a percentage of experience gained in the entire game.
 F = Experience gained in this place divided by the number of levels of this place that you have seen.
                   A       B       C       D       E      F
               +-------+-------+-------+-------+-------+----------------------
         Total | 100.0 | 100.0 |   N/A |   N/A | 100.0 |  23.0
       Dungeon | 100.0 | 100.0 |   N/A |   N/A | 100.0 |  23.0
               +-------+-------+-------+-------+-------+----------------------

Table legend: (Time is in decaauts)
 A = Elapsed time spent in this place.
 B = Non-inter-level travel time spent in this place.
 C = Inter-level travel time spent in this place.
 D = Time resting spent in this place.
 E = Time spent auto-exploring this place.
 F = Levels seen in this place.
 G = Mean time per level.
                   A        B        C        D        E       F      G
               +--------+--------+--------+--------+--------+-----+--------+
         Total |   1593 |   1554 |     39 |    141 |   1246 |   3 |  531.0 |
       Dungeon |   1593 |   1554 |     39 |    141 |   1246 |   3 |  531.0 |
               +--------+--------+--------+--------+--------+-----+--------+

Top non-repeatable levels by time:
     D:1: 889 daAuts
     D:2: 669 daAuts
     D:3: 34 daAuts
